 Dungeon Crawl Stone Soup version 0.25.1-2-g60ff931df9 (webtiles) character file.

Game seed: 7907038917266614818

16149 Wiperd the Spear-Bearer (level 12, -6/115 HPs)
             Began as a Minotaur Berserker on Oct 18, 2020.
             Was a High Priest of Trog.
             Killed from afar by an oklob plant (7 damage)
             ... with a splash of acid
             ... on level 1 of the Lair of Beasts.
             The game lasted 01:10:27 (10788 turns).

Wiperd the Spear-Bearer (Minotaur Berserker)       Turns: 10788, Time: 01:10:28

Health: -6/115     AC:  8    Str: 25    XL:     12   Next: 7%
Magic:  11/11      EV: 35    Int:  4    God:    Trog [*****.]
Gold:   1180       SH:  0    Dex: 12    Spells: 11/11 levels left

rFire    . . .     SeeInvis .   E - +3 bardiche (vorpal)
rCold    . . .     Gourm    .   (shield currently unavailable)
rNeg     . . .     Faith    .   D - +0 acid dragon scales
rPois    .         Spirit   .   (helmet restricted)
rElec    .         Reflect  .   (no cloak)
rCorr    +         Harm     .   (no gloves)
MR       .....                  (no boots)
Stlth    +.........             v - amulet of the acrobat
HPRegen  0.29/turn              A - +4 ring of evasion
MPRegen  0.12/turn              (no ring)

@: acrobat
A: retaliatory headbutt, horns 2
a: Berserk, Trog's Hand, Brothers in Arms, Renounce Religion


You were on level 1 of the Lair of Beasts.
You worshipped Trog.
Trog was extremely pleased with you.
You were not hungry.

You visited 2 branches of the dungeon, and saw 11 of its levels.
You also visited: Sewer, Ossuary and Bailey.

You collected 1180 gold pieces.

Inventory:

Hand Weapons
 E - a +3 vorpal bardiche (weapon)
Armour
 D - +0 acid dragon scales (worn)
Jewellery
 v - an amulet of the acrobat (around neck)
 A - a +4 ring of evasion (left hand)
Wands
 b - a wand of paralysis (8)
 h - a wand of iceblast (19)
 m - a wand of acid (18)
 x - a wand of flame (9)
 y - a wand of digging (7)
Scrolls
 d - a scroll of fog
 k - 4 scrolls of identify
 l - 3 scrolls of fear
 o - 3 scrolls of noise
 r - 9 scrolls of teleportation
 s - 2 scrolls of magic mapping
 w - 2 scrolls of remove curse
 z - a scroll of holy word {unknown}
Potions
 a - 6 potions of curing
 e - 5 potions of degeneration
 f - a potion of ambrosia {unknown}
 g - 6 potions of flight
 i - 2 potions of berserk rage {unknown}
 j - 3 potions of magic
 n - a potion of stabbing {unknown}
 p - 2 potions of haste
 t - 2 potions of heal wounds
 u - a potion of resistance {unknown}
 B - a potion of mutation {unknown}
 C - a potion of might
Comestibles
 c - 17 rations
 q - 6 chunks of flesh


   Skills:
 * Level 13.6 Fighting
   Level 2.9 Long Blades
 * Level 13.6 Polearms
 + Level 9.9 Armour
 + Level 9.1 Dodging


You had 11 spell levels left.
You didn't know any spells.
Your spell library was empty.

Dungeon Overview and Level Annotations

Branches:
Dungeon (10/15)            Temple (0/1) D:5            Lair (1/6) D:10
    Orc (0/2) D:9           Sewer (visited)         Ossuary (visited)
 Bailey (visited)

Altars:
Ashenzari
Hepliaklqana
Makhleb
Nemelex Xobeh
Qazlal
Trog
Uskayaw
Wu Jian

Shops:
D:6 *

Annotations:
Lair:1 exclusion: 4 oklob plants


Innate Abilities, Weirdness & Mutations

You reflexively headbutt those who attack you in melee.
You have a pair of horns on your head.


Message History

You are splashed with acid!
You resist.
* * * LOW HITPOINT WARNING * * *
The oklob plant spits acid at you. The splash of acid hits you. You resist.
* * * LOW HITPOINT WARNING * * *
You are splashed with acid.
You resist.
* * * LOW HITPOINT WARNING * * *
The oklob plant spits acid at you. The splash of acid hits you. You resist.
* * * LOW HITPOINT WARNING * * *
You are splashed with acid.
You resist.
* * * LOW HITPOINT WARNING * * *
The oklob plant spits acid at you. The splash of acid hits you. You resist.
* * * LOW HITPOINT WARNING * * *
You are splashed with acid.
You resist.
* * * LOW HITPOINT WARNING * * *
The oklob plant spits acid at you. The splash of acid hits you! You resist.
You die...

.....................^.##..##...#
.#P....................##..P#..##
.##....................#...##..#.
...............b.................
.................................
#.#.###########..##..##########..
##### #.###### ### ###..##
##...@.## #.......# ##..P.P##
#:.$$$# #....$# #...[.# #.P$P$#
#P:).[# #######


You could see 3 oklob plants.

Vanquished Creatures
  A hydra (Lair:1)
  Harold (D:9)
  A catoblepas (D:10)
  2 two-headed ogres (D:9)
  An orc knight (Bailey)
  An oklob plant (Lair:1)
  Joseph (D:7)
  An elephant (D:10)
  Maurice (D:9)
  3 spiny frogs (Lair:1)
  Maggie (D:6)
  2 komodo dragons (Lair:1)
  A troll (D:9)
  A blink frog (Lair:1)
  2 hippogriffs
  Sigmund (D:5)
  Eustachio (D:5)
  A wyvern (Lair:1)
  A basilisk (D:10)
  A yak (D:10)
  2 hogs (D:8)
  Menkaure (D:7)
  Edmund (D:5)
  2 water moccasins
  4 porcupines (Lair:1)
  Purgy (Sewer)
  6 orc warriors
  An eye of draining (D:7)
  3 ice beasts
  A phantom (D:6)
  7 ogres
  4 centaurs
  3 crocodiles
  9 bullfrogs
  4 scorpions
  4 howler monkeys
  4 crimson imps
  2 bullfrog zombies
  8 hounds
  4 jellies
  2 centaur zombies (Ossuary)
  A centaur skeleton (D:8)
  3 orc priests
  2 quasits
  11 orc wizards
  2 bullfrog skeletons
  2 iguanas
  Ijyb (D:5)
  5 worker ants
  A killer bee zombie (D:7)
  4 big kobold zombies (Ossuary)
  A hound skeleton (D:4)
  5 mummies (Ossuary)
  A worker ant zombie (D:9)
  14 adders
  5 gnolls
  3 river rats (D:3)
  3 shadow imps
  An ooze (D:3)
  An adder zombie (D:8)
  3 adder skeletons
  5 worms
  4 dart slugs
  3 leopard geckos
  30 orcs
  A ball python (Sewer)
  9 bats
  4 giant cockroaches
  9 hobgoblins
  7 jackals
  6 quokkas
  16 frilled lizards
  8 goblins
  2 hobgoblin zombies (Ossuary)
  23 kobolds
  2 leopard gecko skeletons (D:4)
  A leopard gecko zombie (D:6)
  2 quokka skeletons
  2 quokka zombies (D:5)
  9 rats
  A fungus (Lair:1)
311 creatures vanquished.

Vanquished Creatures (collateral kills)
  Gastronok (D:8)
  A two-headed ogre (D:9)
  An orc knight (Bailey)
  A human (D:8)
  2 hogs (D:8)
  3 orc warriors
  A swamp drake (D:9)
  A giant cockroach (D:5)
11 creatures vanquished.

Vanquished Creatures (others)
  3 plants (Lair:1)
3 creatures vanquished.

Grand Total: 325 creatures vanquished

Notes
Turn   | Place    | Note
-------+----------+-------------------------------------------
     0 | D:1      | Wiperd the Minotaur Berserker began the quest for the Orb.
     0 | D:1      | Reached XP level 1. HP: 19/19 MP: 0/0
   489 | D:1      | Reached XP level 2. HP: 27/27 MP: 1/1
  1034 | D:2      | Reached XP level 3. HP: 33/33 MP: 2/2
  1145 | D:2      | Reached ** piety under Trog
  1220 | D:2      | Reached XP level 4. HP: 40/41 MP: 3/3
  1652 | D:2      | Reached skill level 5 in Fighting
  1653 | D:2      | Found a burning altar of Makhleb.
  1998 | D:2      | Found a sparkling altar of Nemelex Xobeh.
  2578 | D:3      | Reached XP level 5. HP: 46/48 MP: 4/4
  2624 | D:3      | Reached skill level 5 in Polearms
  2837 | D:3      | Reached *** piety under Trog
  3021 | D:3      | Found a glowing drain.
  3030 | Sewer    | Entered a sewer
  3055 | Sewer    | Noticed Purgy
  3073 | Sewer    | Killed Purgy
  3073 | Sewer    | Reached XP level 6. HP: 57/57 MP: 5/5
  3387 | D:3      | Found a hazy altar of Hepliaklqana.
  3693 | D:4      | Found a bloodstained altar of Trog.
  3755 | D:4      | Reached XP level 7. HP: 60/64 MP: 6/6
  4050 | D:5      | Entered Level 5 of the Dungeon
  4053 | D:5      | Noticed Ijyb
  4053 | D:5      | Noticed Edmund
  4078 | D:5      | Killed Edmund
  4078 | D:5      | Reached skill level 5 in Armour
  4078 | D:5      | Reached XP level 8. HP: 73/73 MP: 7/7
  4080 | D:5      | Killed Ijyb
  4109 | D:5      | Reached **** piety under Trog
  4219 | D:5      | Found a staircase to the Ecumenical Temple.
  4310 | D:5      | Noticed Sigmund
  4320 | D:5      | Killed Sigmund
  4446 | D:5      | Found a sand-covered staircase.
  4455 | Ossuary  | Entered an ossuary
  4485 | Ossuary  | Reached skill level 5 in Dodging
  4781 | D:5      | Noticed Eustachio
  4793 | D:5      | Killed Eustachio
  5081 | D:6      | Noticed Maggie
  5111 | D:6      | Killed Maggie
  5111 | D:6      | Reached XP level 9. HP: 25/83 MP: 8/8
  5774 | D:6      | Found Naexokhle's General Store.
  6021 | D:7      | Noticed Joseph
  6032 | D:7      | Killed Joseph
  6086 | D:7      | Reached skill level 10 in Fighting
  6086 | D:7      | Reached skill level 10 in Polearms
  6223 | D:7      | Noticed Menkaure
  6233 | D:7      | Killed Menkaure
  6291 | D:7      | Reached XP level 10. HP: 79/94 MP: 9/9
  6293 | D:7      | Reached ***** piety under Trog
  6449 | D:8      | Found a flagged portal.
  6464 | Bailey   | Entered a bailey
  6470 | Bailey   | Noticed an orc knight
  6470 | Bailey   | Noticed an orc knight
  6635 | Bailey   | Killed an orc knight
  6797 | Bailey   | Killed an orc knight
  7211 | D:8      | Found a shattered altar of Ashenzari.
  7211 | D:8      | Found a stormy altar of Qazlal.
  7211 | D:8      | Found a hide-covered altar of Uskayaw.
  7264 | D:8      | Noticed Gastronok
  7298 | D:8      | Killed Gastronok
  7671 | D:8      | Found an ornate altar of the Wu Jian Council.
  7766 | D:9      | Noticed Maurice
  7767 | D:9      | Paralysed by Maurice for 3 turns
  7804 | D:8      | Identified the +4 long sword of Discord {vorpal, rC+}
  7908 | D:9      | Noticed a two-headed ogre
  7928 | D:9      | Reached skill level 1 in Long Blades
  8009 | D:9      | Killed Maurice
  8013 | D:9      | Reached XP level 11. HP: 101/104 MP: 10/10
  8094 | D:9      | Killed a two-headed ogre
  8132 | D:9      | Noticed a two-headed ogre
  8140 | D:9      | Killed a two-headed ogre
  8150 | D:9      | Noticed a two-headed ogre
  8167 | D:9      | Killed a two-headed ogre
  8563 | D:9      | Found a staircase to the Orcish Mines.
  8662 | D:9      | Noticed Harold
  8691 | D:9      | Killed Harold
  8691 | D:9      | Received a gift from Trog
  8983 | D:10     | Entered Level 10 of the Dungeon
  9132 | D:10     | Noticed a catoblepas
  9140 | D:10     | Killed a catoblepas
  9600 | D:10     | Found a staircase to the Lair.
  9767 | Lair:1   | Entered Level 1 of the Lair of Beasts
  9784 | Lair:1   | Noticed an oklob plant
 10150 | Lair:1   | Noticed an oklob plant
 10150 | Lair:1   | Noticed an oklob plant
 10151 | Lair:1   | Noticed an oklob plant
 10182 | Lair:1   | Noticed an oklob plant
 10478 | Lair:1   | Noticed an eight-headed hydra
 10483 | Lair:1   | Killed a ten-headed hydra
 10522 | Lair:1   | Reached XP level 12. HP: 108/115 MP: 11/11
 10787 | Lair:1   | HP: 1/115 [acid (5)]
 10788 | Lair:1   | Killed from afar by an oklob plant

Illustrated notes

Levels and vault maps discovered:
D:1:      lightli_arrival_maybe_door_vault, layout_loops_cross
D:2:      layout_basic, nemelex_altar_shiori, serial_park_tiny_2,
          makhleb_heckhound_becter
D:3:      layout_rooms, lemuel_round_altar, lightli_sewer_entry_pipes,
          minmay_pentangle
D:4:      layout_rooms, bloody_trog
D:5:      layout_gridville, minmay_temple_entry_waves, first_ration,
          enter_ossuary_4, minivault_5, uniq_eustachio, uniq_sigmund,
          uniq_edmund, uniq_ijyb
D:6:      layout_loops_ring, serial_shops, shop, uniq_maggie
D:7:      layout_rooms, minmay_starry_boxes, uniq_menkaure,
          uniq_crazy_yiuf_cottage, uniq_joseph
D:8:      layout_rooms, lemuel_round_altar, gammafunk_temple_overflow_claw,
          enter_bailey_1, grunt_livestock, uniq_gastronok
D:9:      layout_cave_pools, erik_orc_1, uniq_harold, uniq_maurice
D:10:     layout_basic, david_lair_generic
Lair:1:   dpeg_oklob_gauntlet, layout_long_grid, minmay_lair_oklob_chamber,
          lemuel_fruit_fields

Skill      XL: |  1  2  3  4  5  6  7  8  9 10 11 |
---------------+----------------------------------+-----
Fighting       | 4 5 6 7 9 10 12 13 | 13.6
Polearms       | 4 5 6 7 9 10 12 13 | 13.6
Armour         | 3 4 5 6 7 8 9 |  9.9
Dodging        | 3 4 5 6 7 9 |  9.1
Long Blades    | 1 2 |  2.9

Action                   |  1- 3 |  4- 6 |  7- 9 | 10-12 || total
-------------------------+-------+-------+-------+-------++-------
Melee: Spear             |    25 |   155 |   336 |   257 ||   773
       Headbutt          |    10 |    44 |    74 |    70 ||   198
       Halberd           |    48 |    80 |       |       ||   128
       Bardiche          |       |       |       |   104 ||   104
Invok: Berserk           |       |     2 |     4 |     3 ||     9
       Trog's Hand       |       |       |     2 |       ||     2
       Brothers in Arms  |       |       |     1 |     5 ||     6
Evoke: Wand              |       |       |       |    18 ||    18
  Use: Scroll            |       |     2 |    11 |     4 ||    17
       Potion            |       |       |       |     3 ||     3
  Eat: Chunk             |     1 |     3 |    10 |     9 ||    23
       Ration            |       |     2 |     1 |     3 ||     6
Armor: Animal skin       |     3 |       |       |       ||     3
       Plate armour      |    31 |   167 |    70 |       ||   268
       Troll leather arm |       |     4 |       |       ||     4
       Acid dragon scale |       |       |    12 |    55 ||    67
Dodge: Dodged            |    38 |    78 |   137 |   384 ||   637
